Losesalot, chaotic male human Priest -------------------- |.-..|..|..-....-..| |.| .|..|. |....| .| |.----|-----....----+--+----- | |&..............................| |v-|-----+--.......-+-----+-- | |.|..|..| |......{| |.|..|..| |.......| ..----|-----.......| |.............{....| |.-------+-------.-- |.-.(*)| .+ |@|./*)| | |@|.(!%| |.--------------- ----------- | |..........[+...................| --------------------------------- Losesalot the Adept Experience level: 6 Strength: 14 Dexterity: 16 Constitution: 15 Intelligence: 11 Wisdom: 18 Charisma: 13 Health: 0(43) Energy: 70(70) Def: 12 Gold: 459 Moves: 2321 Dungeon seed: oWXf2hgubHpG7m7_ Game ID: Losesalot_1521842532 Your Inventory: Coins $ - 459 gold pieces Weapons a - a blessed +1 mace (weapon in hand) Armor e - an uncursed +0 robe (being worn) n - an uncursed +0 small shield (being worn) r - an uncursed +0 elven mithril-coat (being worn) y - an uncursed +0 dwarvish iron helm (being worn) N - an uncursed +0 pair of iron shoes (being worn) Comestibles c - an uncursed clove of garlic d - an uncursed sprig of wolfsbane B - 2 uncursed tripe rations Scrolls o - an uncursed scroll of gold detection s - an uncursed scroll of genocide v - an uncursed scroll of confuse monster Spellbooks A - an uncursed spellbook of clairvoyance Potions b - 2 potions of holy water w - an uncursed potion of oil x - a blessed potion of restore ability z - an uncursed potion of object detection C - a cursed potion of gain ability Tools h - an uncursed oil lamp (0:1448) t - an uncursed towel Gems q - an uncursed luckstone Spells and supernatural/magical abilities: Name Level Category Cost Memory r - remove curse 3 clerical 25pw 98% I - identify 2 divination 2000pw 98% O - create monster 2 clerical 66pw 98% W - pray for help -- divine ? -- X - turn undead -- divine ? -- Your skills at the end: Fighting Skills wands [Basic] Weapon Skills mace [Skilled] Spellcasting Skills clerical spells [Basic] Final Attributes: You were hallucinating. You were lucky. You had extra luck. Bad luck did not time out for you. Good luck did not time out for you. You are dead. Vanquished creatures: a watchman a black light a dwarf lord a mountain nymph 2 shriekers 4 gnome lords 2 gnomish wizards 6 dwarves a coyote 3 hobbits a large kobold a yellow mold a red mold 24 gnomes 8 garter snakes 2 geckos 5 jackals 2 kobolds 2 goblins 4 sewer rats 4 grid bugs 4 lichens a kobold zombie 5 newts and a partridge in a pear tree 86 creatures vanquished. Voluntary challenges: You were an atheist. You used a wielded weapon 108 times, starting on turn 4. You read items or engraved 19 times, starting on turn 697. You never genocided any monsters. You never polymorphed an object. You never changed form. You used no wishes. You never split a pudding. You never wrote Elbereth's name. You violated your moral code, losing 36 points of alignment, starting on turn 2295. Dungeon overview: The Dungeons of Doom: levels 1 to 4 Level 1 some fountains a long staircase Level 2 a fountain Level 3 some fountains Level 4 a sink, a vault stairs to The Gnomish Mines The Gnomish Mines: levels 5 to 8 Level 5 stairs to The Dungeons of Doom Level 6 Level 7 Level 8 <- You were here a general store, some fountains History has recorded: On T:1 you entered the Dungeons of Doom to retrieve the Amulet of Yendor! On T:279 you reached level 2 of The Dungeons of Doom. On T:613 you reached level 3 of The Dungeons of Doom. On T:629 you advanced to experience level 2. On T:770 you advanced to experience level 3. On T:1082 you reached level 4 of The Dungeons of Doom. On T:1387 you reached level 1 of The Gnomish Mines. On T:1402 you advanced to experience level 4. On T:1637 you advanced to experience level 5. On T:1667 you reached level 2 of The Gnomish Mines. On T:1941 you reached level 3 of The Gnomish Mines. On T:1947 you advanced to experience level 6. On T:2204 you reached level 4 of The Gnomish Mines. Score breakdown: Gold: 459 ( 9057 points) Experience: 6 levels (12456 points) Exploration: 8 levels ( 16.33%) (11456 points) Discoveries: 11 items ( 3.67%) ( 5744 points) Valuables value: (no points given unless you survive) Artifact value: 0 ( 0 points) Variety of kills: 24 monsters ( 6.32%) ( 7539 points) Turncount: 2321 turns ( -220 points) Survival: died (score multiplied by 80%) Total score: 36825 Latest messages: The gray dragon gets angry at the ki-rin! The garter snake wields a crossbow! The crossbow welds itself to the ogre king's hand! The creeper casts a spell! The force bolt hits the quasit! The tangle tree reads an uncursed scroll labeled XIXAXA XOXAXA XUXAXA! It must be an uncursed scroll of teleportation. You hit the ohmu! The golden naga reads an uncursed scroll labeled HACKEM MUCHE! (You can name a scroll labeled HACKEM MUCHE from the item naming menu.) The red mold wields a silver saber! The gnome swings her silver saber at you. The panther misses. You miss the Ewok. The gray ooze throws a spear! The spear misses the Christmas-tree monster. You are almost hit by a spear. The disintegrator swings her silver saber at you. The orc mummy hits! The flaming sphere swings her silver saber at you. The earth elemental hits! You die... Final status: Goodbye Losesalot the Priest, killed by a hallucinogen-distorted watch captain... You died in The Gnomish Mines on dungeon level 8 with 36825 points, and 459 pieces of gold, after 2321 moves. You were level 6 with a maximum of 43 hit points when you died.